 Dungeon Crawl Stone Soup version 0.27.1-4-g1640c2035a (webtiles) character file.

Game seed: 16889916800479265328

22 zeram the Sneak (level 2, -1/20 HPs)
             Began as a Gnoll Enchanter on Nov 13, 2021.
             Slain by an adder (3 damage)
             ... on level 1 of the Dungeon.
             The game lasted 00:01:24 (1554 turns).

zeram the Sneak (Gnoll Enchanter)                   Turns: 1554, Time: 00:01:25

Health: -1/20      AC:  3    Str:  7    XL:     2   Next: 91%
Magic:  7/7        EV: 13    Int: 14    God:
Gold:   55         SH:  0    Dex: 12    Spells: 9/10 levels left

rFire    + . .     SeeInvis .   a - +1 dagger
rCold    . . .     Faith    .   (no shield)
rNeg     . . .     Spirit   .   b - +0 robe
rPois    .         Reflect  .   (no helmet)
rElec    .         Harm     .   (no cloak)
rCorr    .         Rampage  .   (no gloves)
Will     .....                  h - +0 pair of boots
Stlth    +++.......             (no amulet)
HPRegen  0.06/turn              d - ring of protection from fire
MPRegen  0.10/turn              (no ring)

@: no status effects
A: fangs 1, strong nose, distributed training
a: no special abilities


You were on level 1 of the Dungeon.
You visited 1 branch of the dungeon, and saw 2 of its levels.

You collected 55 gold pieces.

Inventory:

Hand Weapons
 a - a +1 dagger (weapon)
Armour
 b - a +0 robe (worn)
 h - a +0 pair of boots (worn)
Jewellery
 d - a ring of protection from fire (left hand)
Potions
 c - a potion of lignification
 e - a potion of heal wounds {unknown}
 f - a potion of flight


   Skills:
 + Level 0.5 Fighting
 + Level 2.5 Short Blades
 + Level 0.5 Long Blades
 + Level 0.5 Axes
 + Level 0.5 Maces & Flails
 + Level 0.5 Polearms
 + Level 0.5 Staves
 + Level 0.5 Slings
 + Level 0.5 Bows
 + Level 0.5 Crossbows
 + Level 0.5 Throwing
 + Level 0.5 Armour
 + Level 4.5 Dodging
 + Level 5.9 Stealth
 + Level 0.5 Shields
 + Level 0.5 Unarmed Combat
 + Level 4.9 Spellcasting
 + Level 0.4 Conjurations
 + Level 5.4 Hexes
 + Level 0.4 Summonings
 + Level 0.4 Necromancy
 + Level 0.4 Translocations
 + Level 0.4 Transmutations
 + Level 0.4 Fire Magic
 + Level 0.4 Ice Magic
 + Level 0.4 Air Magic
 + Level 0.4 Earth Magic
 + Level 0.4 Poison Magic
 + Level 0.7 Invocations
 + Level 0.5 Evocations


You had 9 spell levels left.
You knew the following spells:

 Your Spells              Type           Power      Damage    Failure   Level
a - Corona                Hex            20%        N/A       1%          1

Your spell library contained the following spells:

 Spells                   Type           Power      Damage    Failure   Level
 Confusing Touch          Hex            18%        N/A       6%          3
 Tukima's Dance           Hex            18%        N/A       6%          3
 Ensorcelled Hibernation  Hex/Ice        22%        N/A       9%          2
 Dazzling Flash           Conj/Hex       22%        N/A       16%         3


Dungeon Overview and Level Annotations

Branches:
Dungeon (2/15)

Altars:


Innate Abilities, Weirdness & Mutations

You have very sharp teeth.
Your uncanny sense of smell can sniff out nearby items.
Your experience applies equally to all skills.


Message History

The adder bites you.
You are poisoned.
The adder poisons you! The rat bites you. The kobold closely misses you.
You barely miss the adder.
The adder is lightly wounded.
You feel sick. The adder bites you. The rat bites you but does no damage.
The kobold barely misses you. The adder barely misses you.
You hit the adder.
The adder is heavily wounded.
You feel sick. The rat barely misses you. The kobold misses you.
The adder closely misses you.
You hit the adder.
The adder is severely wounded.
You feel sick. The rat closely misses you. The adder bites you.
* * * LOW HITPOINT WARNING * * *
The kobold closely misses you.
You hit the adder but do no damage.
The adder is severely wounded.
You feel sick. The adder bites you but does no damage.
The rat closely misses you. The kobold hits you but does no damage.
You barely miss the adder.
The adder is severely wounded.
You feel sick.
You are no longer poisoned.
The adder misses you. The rat closely misses you.
Casting: Corona (safe; 1% risk of failure)
Confirm with . or Enter, or press ? or * to list all spells.
You don't know that spell.
You are too injured to fight recklessly!
The adder bites you but does no damage. The rat closely misses you.
The rat bites you but does no damage. The adder bites you but does no damage.
The adder stops glowing.
The kobold throws a stone.
The stone hits you.
* * * LOW HITPOINT WARNING * * *
There is a stone staircase leading up here.
Magic restored.
The adder closely misses you. The rat misses you.
You climb upwards.
There is a stone staircase leading down here.
The rat barely misses you. The adder bites you.
You die...

.......######...#...# ####..####.
.........##.........# #..# #.
.####........####...# #..# #. ..#
##....##.####...######..####. .##
###..####...................
..#######.###.......######..#####
...##.....##........# #).#
#..###...#..#......## #..#
............##..@#.#######..#
.........#.####S##..........#
...........)..>............##
...####.........############ ####
###########


You could see an adder.

Vanquished Creatures
  A dart slug (D:1)
  3 bats (D:1)
  2 endoplasms (D:1)
  A giant cockroach (D:1)
  4 hobgoblins (D:1)
  2 kobolds
  2 ball pythons (D:1)
  2 goblins (D:1)
17 creatures vanquished.

Notes
Turn   | Place    | Note
-------+----------+-------------------------------------------
     0 | D:1      | zeram the Gnoll Enchanter began the quest for the Orb.
     0 | D:1      | Reached XP level 1. HP: 13/13 MP: 6/6
   466 | D:1      | Reached XP level 2. HP: 10/19 MP: 7/7
  1494 | D:1      | Found a faded altar of an unknown god.
  1554 | D:1      | Slain by an adder

Illustrated notes

Levels and vault maps discovered:
D:1:      dpeg_arrival_arbitrary_b, layout_loops_ring,
          hellmonk_ecumenical_altar_inner_sanctum, hangedman_feature_mirror
D:2:      layout_basic, basic_altar

Action                   || total
-------------------------++-------
Melee: Dagger            ||    83
       Bite              ||    11
 Cast: Corona            ||     1
  Use: Scroll            ||     3
 Stab: Sleeping          ||     4
Armor: Robe              ||    23
Dodge: Dodged            ||    68
